 Dungeon Crawl Stone Soup version 0.32-a0-995-gb4a59205af (webtiles) character file.

Game seed: 2157560577243277289

32 protoss039 the Digger (level 3, 26/26 HPs)
             Began as a Demonspawn Earth Elementalist on Apr 22, 2024.
             Got out of the dungeon alive.
             The game lasted 00:00:51 (623 turns).

protoss039 the Digger (DsEE)                         Turns: 623, Time: 00:00:52

Health: 26/26      AC:  3    Str:  8    XL:     3   Next: 8%
Magic:  6/6        EV: 11    Int: 17    God:
Gold:   12         SH:  0    Dex: 13    Spells: 6/7 levels left

rFire   . . .        e - +0 short sword
rCold   . . .        (no shield)
rNeg    . . .        a - +0 robe
rPois   .            (no helmet)
rElec   .            (no cloak)
rCorr   .            (no gloves)
SInv    .            h - +0 pair of boots
Will    .....        (no amulet)
Stlth   ++           (no ring)
HPRegen 0.24/turn    (no ring)
MPRegen 0.10/turn

%: no passive effects
@: no status effects
A: powered by pain 1, demonic magic 1
a: no special abilities


You escaped.
You visited 1 branch of the dungeon, and saw 1 of its levels.

You collected 12 gold pieces.

Inventory:

Hand Weapons
 e - a +0 short sword (weapon)
Armour
 a - a +0 robe (worn)
 h - a +0 pair of boots (worn)
Scrolls
 c - 5 scrolls of teleportation {unknown}
 d - a scroll of revelation {unknown}
 f - a scroll of identify {unknown}
Potions
 b - a potion of magic
 g - a potion of lignification {unknown}


   Skills:
 + Level 1.3 Fighting
 - Level 1.7 Dodging
 - Level 1.7 Stealth
 + Level 2.5 Spellcasting
 - Level 1.0 Conjurations
 + Level 3.1 Earth Magic


You had 6 spell levels left.
You knew the following spells:

 Your Spells              Type           Power      Damage    Failure   Level
a - Sandblast             Erth           24%        2d8       4%          1

Your spell library contained the following spells:

 Spells                   Type           Power      Damage    Failure   Level
 Passwall                 Erth           12%        N/A       16%         3
 Stone Arrow              Conj/Erth      18%        3d8       24%         3
 Brom's Barrelling Bould  Conj/Erth      9%         2d3       61%         4
 Petrify                  Alch/Erth      7%         N/A       67%         4


Dungeon Overview and Level Annotations

Branches:
Dungeon (1/15) Zot: 5366

Altars:


Innate Abilities, Weirdness & Mutations

You sometimes gain a little power by taking damage.
Spells you cast may paralyse adjacent enemies.


Message History

The gnoll is heavily wounded.
Malevolent energies surge around you.
The gnoll suddenly stops moving!
Unknown command.
Casting: Sandblast (safe; 6% risk of failure)
Confirm with . or Enter, or press ? or * to list all spells.
Aiming: Sandblast (safe; 6% risk of failure)
Press: ? - help, Shift-Dir - straight line, f/p - gnoll
Aim: a gnoll, wielding a +0 flail (heavily wounded, paralysed, 100% to hit)
The blast of sand hits the gnoll!
You kill the gnoll!
Malevolent energies surge around you. The kobold misses you.
You have reached level 3!
Your experience leads to an increase in your attributes!
Increase (S)trength, (I)ntelligence, or (D)exterity?
You feel clever. x2; Your demonic ancestry asserts itself...
You feel energised by your suffering.
Unknown command.
Casting: Sandblast (safe; 4% risk of failure)
Confirm with . or Enter, or press ? or * to list all spells.
Aiming: Sandblast (safe; 4% risk of failure)
Press: ? - help, Shift-Dir - straight line, f - kobold
Aim: a kobold, wielding a +0 whip and quivering stones (77% to hit)
The blast of sand hits the kobold!
You kill the kobold!
Malevolent energies surge around you.
Unknown command.
Unknown command.
You see here a ball python skeleton.
Found an emerald potion.
Found a potion of magic.
An endoplasm comes into view.
You can't go up here!
An endoplasm is nearby!
Unknown command.
Unknown command.
An endoplasm is nearby!
You can't go up here!
An endoplasm is nearby!
There is a staircase leading out of the dungeon here.
You have escaped!

#.#.##......#...~...#
#.#.##...~...#..~..#...~
..........~..#..~..#..~.
...###.....~..#.~.#..~..
........#...~.#.~.#.~...#.
.#.##.÷..##..~.#.#.~..##..
.#.##......##.~...~.##.....
.............#.....#.......
##.###.~~~≈~~...@...~~~~~~..
#...........#.....#........
###.#.....##.~...~.##......
#.....##..~.#.#.~..##....
##...#...~.#.~.#.~...#...
#......~..#.~.#..~.....#
#.....~..#..~..#..~....#
###..~...#..~..#÷..~..##
#.....#...~...#.......


There were no monsters in sight!

Vanquished Creatures
  2 gnolls (D:1)
  A ball python (D:1)
  An endoplasm (D:1)
  A goblin (D:1)
  3 bats (D:1)
  5 kobolds (D:1)
13 creatures vanquished.

Notes
Turn   | Place    | Note
-------+----------+-------------------------------------------
     0 | D:1      | protoss039 the Demonspawn Earth Elementalist began the
                  | quest for the Orb.
     0 | D:1      | Reached XP level 1. HP: 13/13 MP: 3/3
   330 | D:1      | Gained mutation: Spells you cast may paralyse adjacent
                  | enemies. [demonic ancestry]
   330 | D:1      | Reached XP level 2. HP: 16/20 MP: 1/5
   448 | D:1      | Reached skill level 1 in Fighting
   448 | D:1      | Reached skill level 3 in Earth Magic
   531 | D:1      | Gained mutation: You sometimes gain a little power by
                  | taking damage. [demonic ancestry]
   531 | D:1      | Reached XP level 3. HP: 12/26 MP: 2/6
   623 | D:$      | Got out of the dungeon alive.

Illustrated notes

Levels and vault maps discovered:
D:1:      minmay_arrival_radiant_lines, layout_loops_cross

Skill      XL: |  1  2 |
---------------+-------+-----
Fighting       | 1 |  1.3
Earth Magic    | 3 |  3.1
Dodging        | |  1.7
Stealth        | |  1.7
Spellcasting   | |  2.5
Conjurations   | |  1.0

Action                     || total
---------------------------++-------
  Melee: Short sword       ||     2
   Cast: Sandblast         ||    22
 Armour: Robe              ||     8
  Dodge: Dodged            ||     7

Table legend: (Time is in decaauts)
 A = Elapsed time spent in this place.
 B = Non-inter-level travel time spent in this place.
 C = Inter-level travel time spent in this place.
 D = Time resting spent in this place.
 E = Time spent auto-exploring this place.
 F = Levels seen in this place.
 G = Mean time per level.
                   A        B        C        D        E       F      G
               +--------+--------+--------+--------+--------+-----+--------+
         Total |    633 |    547 |     86 |     34 |    406 |   1 |  633.0 |
       Dungeon |    633 |    547 |     86 |     34 |    406 |   1 |  633.0 |
               +--------+--------+--------+--------+--------+-----+--------+

Top non-repeatable levels by time:
     D:1: 633 daAuts
